 Dungeon Crawl Stone Soup version 0.25.1-1-g288607f5aa (webtiles) character file.

Game seed: 79875370973270496

2601 graki42 the Fighter (level 9, -1/98 HPs)
             Began as an Ogre Berserker on July 29, 2020.
             Was an Elder of Trog.
             Slain by a quasit (2 damage)
             ... on level 6 of the Dungeon.
             The game lasted 00:20:20 (5767 turns).

graki42 the Fighter (Ogre Berserker)                Turns: 5767, Time: 00:20:20

Health: -1/98      AC:  5    Str: 26    XL:     9   Next: 59%
Magic:  0/9        EV:  1    Int:  8    God:    Trog [****..]
Gold:   154        SH:  0    Dex: -15 (8) Spells: 8/8 levels left

rFire    . . .     SeeInvis .   y - +2 flail (protect)
rCold    + . .     Gourm    .   (no shield)
rNeg     + . .     Faith    .   r - +2 robe {rC+}
rPois    .         Spirit   +   (helmet restricted)
rElec    .         Reflect  .   (no cloak)
rCorr    .         Harm     .   (gloves unavailable)
MR       .....                  (boots unavailable)
Stlth    ..........             w - amulet of guardian spirit
HPRegen  0.26/turn              q - ring of positive energy
MPRegen  0.11/turn              (no ring)

@: starving, slowed, lost dexterity, very slow
A: large, unfitting armour, tough skin 1
a: Berserk, Trog's Hand, Brothers in Arms, Renounce Religion


You were on level 6 of the Dungeon.
You worshipped Trog.
Trog was greatly pleased with you.
You were starving.

You visited 1 branch of the dungeon, and saw 6 of its levels.

You collected 154 gold pieces.

Inventory:

Hand Weapons
 l - a +2 flail of holy wrath
 y - a +2 flail of protection (weapon)
 z - a +2 flail of holy wrath
Armour
 r - a +2 robe of cold resistance (worn)
Jewellery
 a - a +4 ring of protection {unknown}
 g - an uncursed amulet of reflection
 q - a ring of positive energy (left hand)
 w - an amulet of guardian spirit (around neck)
Wands
 f - a wand of digging (4)
Scrolls
 b - a scroll of identify
 k - 2 scrolls of fear
 m - 5 scrolls of enchant armour
 n - a scroll of blinking
 o - a scroll of remove curse
 u - a scroll of fog
 x - a scroll of enchant weapon
Potions
 d - a potion of flight
 e - 2 potions of heal wounds
 h - 5 potions of curing
 j - 3 potions of lignification
 p - a potion of resistance
 v - a potion of invisibility
 B - a potion of cancellation
Comestibles
 c - 6 rations


   Skills:
 + Level 9.0 Fighting
 + Level 8.7 Maces & Flails
 + Level 6.2 Dodging
 + Level 1.6 Stealth


You had 8 spell levels left.
You didn't know any spells.
Your spell library contained the following spells:

 Spells                   Type           Power        Failure   Level  Hunger
 Freeze                   Ice            #...         41%         1    ##.....
 Frozen Ramparts          Ice            #.....       78%         3    ####...
 Ozocubu's Armour         Chrm/Ice       #.......     78%         3    ####...
 Hailstorm                Conj/Ice       #.......     99%         4    #####..
 Summon Ice Beast         Ice/Summ       #.......     99%         4    #####..


Dungeon Overview and Level Annotations

Branches:
Dungeon (6/15)             Temple (0/1) D:6

Altars:
Dithmenos
Sif Muna
Uskayaw
The Shining One

Annotations:
D:4 1 runed translucent door


Innate Abilities, Weirdness & Mutations

You are too large for most types of armour.
You have tough skin. (AC +1)


Message History

The quasit claws you but does no damage. x2
The crimson imp hits you but does no damage.
The quasit bites you but does no damage.
The quasit claws you but does no damage.
The quasit claws you.
* * * LOW HITPOINT WARNING * * *
You feel clumsy.
The crimson imp hits you but does no damage.
You barely miss the quasit.
The quasit is heavily wounded.
The quasit bites you but does no damage.
The quasit claws you but does no damage. x2
The crimson imp hits you.
* * * LOW HITPOINT WARNING * * *
The quasit bites you.
The quasit claws you but does no damage. x2
You barely miss the quasit.
The quasit is heavily wounded.
The quasit bites you.
You die...

######.....#†.#..#..#..#
#...#.#..####..#..#
#..#..#..#..#..#..#
#..#..####..#.....#
#..#..#. #..#.....#
##.####..#........# #.#
#..#.....!###
#...55....# #....@.####
..........# #......####
#######


You could see a quasit and a crimson imp.

Vanquished Creatures
  Pikel (D:5)
  The ghost of protoss039 the Magician, a novice DEEE of Sif Muna (D:5)
  Sigmund (D:2)
  Edmund (D:5)
  Duvessa (D:5)
  An ice beast (D:5)
  An orc warrior (D:6)
  A centaur (D:5)
  A bullfrog (D:6)
  Dowan (D:5)
  A howler monkey (D:5)
  A crimson imp (D:5)
  A centaur zombie (D:5)
  A quasit (D:5)
  2 centaur skeletons (D:5)
  2 hounds (D:4)
  A jelly (D:6)
  A gnoll shaman (D:4)
  5 orc priests
  3 iguanas
  Ijyb (D:4)
  6 orc wizards
  2 worker ants (D:5)
  A hound zombie (D:5)
  A hound skeleton (D:5)
  8 adders
  4 gnolls (D:4)
  A shadow imp (D:3)
  2 oozes
  3 worms
  4 dart slugs
  6 leopard geckos
  28 orcs
  8 bats
  5 giant cockroaches
  8 goblins
  11 hobgoblins
  3 jackals
  8 kobolds
  3 quokkas
  7 frilled lizards
  A leopard gecko zombie (D:6)
  11 rats
160 creatures vanquished.

Vanquished Creatures (collateral kills)
  A slave (D:5)
  A worker ant (D:5)
2 creatures vanquished.

Grand Total: 162 creatures vanquished

Notes
Turn   | Place    | Note
-------+----------+-------------------------------------------
     0 | D:1      | graki42 the Ogre Berserker began the quest for the Orb.
     0 | D:1      | Reached XP level 1. HP: 24/24 MP: 1/1
    32 | D:1      | Reached XP level 2. HP: 7/32 MP: 2/2
   460 | D:1      | Reached XP level 3. HP: 26/40 MP: 3/3
   878 | D:1      | Reached ** piety under Trog
  1224 | D:2      | Reached XP level 4. HP: 45/49 MP: 4/4
  1327 | D:2      | Noticed Sigmund
  1336 | D:2      | Killed Sigmund
  1336 | D:2      | Reached skill level 5 in Fighting
  1336 | D:2      | Reached XP level 5. HP: 58/58 MP: 5/5
  1336 | D:2      | Reached XP level 6. HP: 66/66 MP: 6/6
  1918 | D:3      | Found a hide-covered altar of Uskayaw.
  2331 | D:3      | Reached skill level 5 in Maces & Flails
  2560 | D:3      | Reached *** piety under Trog
  3235 | D:3      | Reached skill level 6 in Fighting
  3235 | D:3      | Reached XP level 7. HP: 64/75 MP: 7/7
  3437 | D:4      | Found a glowing golden altar of the Shining One.
  3439 | D:4      | Noticed an angel
  3444 | D:4      | Found a runed translucent door.
  3918 | D:4      | Noticed Ijyb
  3926 | D:4      | Killed Ijyb
  4202 | D:5      | Entered Level 5 of the Dungeon
  4203 | D:5      | Noticed Edmund
  4213 | D:5      | Killed Edmund
  4264 | D:5      | Reached XP level 8. HP: 84/84 MP: 8/8
  4401 | D:5      | Reached skill level 5 in Dodging
  4411 | D:5      | Noticed Duvessa
  4412 | D:5      | Noticed Dowan
  4423 | D:5      | Killed Dowan
  4423 | D:5      | Reached skill level 1 in Stealth
  4434 | D:5      | Killed Duvessa
  4434 | D:5      | Reached skill level 7 in Fighting
  4729 | D:5      | Found a shimmering blue altar of Sif Muna.
  4773 | D:5      | Reached **** piety under Trog
  5072 | D:5      | Noticed Pikel
  5083 | D:5      | Killed Pikel
  5083 | D:5      | Reached skill level 8 in Fighting
  5083 | D:5      | Reached XP level 9. HP: 96/96 MP: 7/9
  5086 | D:5      | Found a transporter.
  5088 | D:5      | Noticed protoss039's ghost (novice DEEE)
  5177 | D:5      | Found a transporter.
  5194 | D:5      | Killed protoss039's ghost
  5367 | D:5      | Found a shadowy altar of Dithmenos.
  5663 | D:6      | Found a staircase to the Ecumenical Temple.
  5704 | D:6      | Reached skill level 9 in Fighting
  5706 | D:6      | Lost dexterity.
  5749 | D:6      | HP: 3/98 [orc wizard/+0 dagger (2)]
  5762 | D:6      | HP: 3/98 [quasit (2)]
  5762 | D:6      | HP: 1/98 [quasit (2)]
  5767 | D:6      | Slain by a quasit

Illustrated notes

Levels and vault maps discovered:
D:1:      nzn_arrival_crosshair, layout_rooms, minmay_pentomino_p4
D:2:      layout_basic, first_ration, uniq_sigmund
D:3:      layout_basic, lemuel_crystal_altar, serial_park_tiny_1
D:4:      layout_gridville, lemuel_angel_altar, uniq_ijyb
D:5:      cheibrodos_helix_gallery, layout_cave_pools, marbit_many_paths,
          gammafunk_ghost_arena, basic_altar, uniq_pikel, uniq_duvessa,
          uniq_edmund
D:6:      layout_rooms, minmay_temple_entry_ruins, cheibrodos_sewer_entry_bend,
          hangedman_abyss_or_decor_stagger, hangedman_abyss_or_decor_passed,
          uniq_prince_ribbit1

Skill      XL: |  1  2  3  4  5  6  7  8  9 |
---------------+----------------------------+-----
Maces & Flails | 3 4 5 6 7 8 |  8.7
Dodging        | 3 4 5 6 |  6.2
Fighting       | 5 6 8 9 |  9.0
Stealth        | 1 |  1.6

Action                   |  1- 3 |  4- 6 |  7- 9 || total
-------------------------+-------+-------+-------++-------
Melee: Mace              |    53 |       |       ||    53
       Whip              |    62 |   212 |    64 ||   338
       Flail             |       |       |   212 ||   212
Invok: Berserk           |     1 |     1 |     7 ||     9
       Trog's Hand       |       |     1 |     1 ||     2
       Brothers in Arms  |       |       |     1 ||     1
  Use: Scroll            |       |     4 |    14 ||    18
       Potion            |       |       |     1 ||     1
  Eat: Chunk             |     2 |     8 |    10 ||    20
       Ration            |       |       |     1 ||     1
Armor: Animal skin       |    20 |       |       ||    20
       Robe              |       |    38 |   381 ||   419
Dodge: Dodged            |    51 |    69 |   205 ||   325
Block: Other             |       |    26 |     8 ||    34
       Reflection        |       |     2 |       ||     2
